 Dungeon Crawl Stone Soup version 0.31-a0-358-gac0dbeb3ab (webtiles) character file.

Game seed: 17577941202390467580

37 porpoise the Vexing (level 3, 0/24 HPs)
             Began as a Demonspawn Enchanter on July 26, 2023.
             Slain by a gnoll
             ... wielding a +0 club
              (1 damage)
             ... on level 2 of the Dungeon.
             The game lasted 00:04:09 (1106 turns).

porpoise the Vexing (Demonspawn Enchanter)          Turns: 1106, Time: 00:04:10

Health: 0/24       AC:  8    Str: 10    XL:     3   Next: 21%
Magic:  6/6        EV: 12    Int: 16    God:
Gold:   57         SH:  0    Dex: 13    Spells: 6/6 levels left

rFire   . . .        a - +1 dagger (venom)
rCold   . . .        (no shield)
rNeg    . . .        b - +0 robe
rPois   .            (no helmet)
rElec   .            (no cloak)
rCorr   .            (no gloves)
SInv    .            h - +2 pair of boots
Will    .....        (no amulet)
Stlth   ++           (no ring)
HPRegen 0.24/turn    (no ring)
MPRegen 0.10/turn

%: no passive effects
@: invisible
A: slimy green scales 2
a: no special abilities


You were on level 2 of the Dungeon.
You visited 1 branch of the dungeon, and saw 2 of its levels.

You collected 57 gold pieces.

Inventory:

Hand Weapons
 a - a +1 dagger of venom (weapon)
Missiles
 k - 2 poisoned darts
Armour
 b - a +0 robe (worn)
 h - a +2 pair of boots (worn)
Magical Staves
 j - a staff of cold
Scrolls
 d - a scroll of amnesia {unknown}
 f - a scroll of poison {unknown}
 g - 3 scrolls of identify {unknown}
 l - a scroll of enchant weapon {unknown}
 m - a scroll of revelation {unknown}
Potions
 c - 2 potions of invisibility
 e - a potion of brilliance {unknown}
 i - a potion of lignification {unknown}


   Skills:
 - Level 0.8(1.1) Short Blades
 + Level 1.1(1.2) Long Blades
 - Level 1.7 Dodging
 - Level 2.6 Stealth
 + Level 2.4 Spellcasting
 * Level 3.7 Hexes


You had 6 spell levels left.
You didn't know any spells.
Your spell library contained the following spells:

 Spells                   Type           Power      Damage    Failure   Level
 Confusing Touch          Hex            13%        N/A       13%         3
 Tukima's Dance           Hex            13%        N/A       13%         3
 Ensorcelled Hibernation  Hex/Ice        14%        N/A       14%         2
 Dazzling Flash           Conj/Hex       14%        N/A       28%         3
 Portal Projectile        Hex/Tloc       14%        N/A       28%         3
 Iskenderun's Mystic Bla  Conj/Tloc      1%         2d3       89%         4


Dungeon Overview and Level Annotations

Branches:
Dungeon (2/15)

Altars:

Shops:
D:1 [


Innate Abilities, Weirdness & Mutations

You are mostly covered in slimy green scales. (AC +3)


Message History

The gnoll is lightly wounded.
You hit the gnoll but do no damage.
The gnoll is moderately wounded.
The gnoll barely misses you. The gnoll hits you but does no damage.
You hit the gnoll.
The gnoll is heavily wounded.
The gnoll hits you from afar with a +0 spear.
The gnoll barely misses you.
You hit the gnoll.
The gnoll looks as sick as possible!
The gnoll is severely wounded.
You kill the gnoll!
The gnoll hits you from afar with a +0 spear.
You have reached level 3!
Your experience leads to an increase in your attributes!
Increase (S)trength, (I)ntelligence, or (D)exterity?
You feel stronger. x2; Your demonic ancestry asserts itself...
Slimy green scales spread over more of your body.
A gnoll comes into view. It is wielding a +0 club.
The gnoll closely misses you.
Things that are here:
a +0 halberd; a gnoll corpse You hit the gnoll but do no damage.
The gnoll hits you but does no damage.
You closely miss the gnoll. The gnoll hits you with a +0 spear.
You hit the gnoll.
The gnoll is poisoned.
The gnoll is moderately wounded.
The gnoll barely misses you.
You hit the gnoll.
The gnoll is heavily wounded.
The gnoll barely misses you. x2
You barely miss the gnoll.
The gnoll is severely wounded.
The gnoll hits you with a +0 spear.
* * * LOW HITPOINT WARNING * * *
The gnoll hits you with a +0 club.
* * * LOW HITPOINT WARNING * * *
You are too injured to fight recklessly!
Unknown command.
You fade into invisibility!
The gnoll hits you with a +0 club.
You die...

....... <......
$...... .......
....... .
#####.......
...##..†gg......
........@###########
#......(...........#
#########.....(....#
###..<.....#
#.....>..#
#........#
..........#
....######## ##....


You could see 2 gnolls.

Vanquished Creatures
  A gnoll (D:2)
  A dart slug (D:1)
  A giant cockroach (D:1)
  2 goblins (D:1)
  A hobgoblin (D:1)
  4 jackals (D:1)
  5 ball pythons (D:1)
  4 bats
  2 kobolds (D:1)
  4 rats (D:1)
25 creatures vanquished.

Notes
Turn   | Place    | Note
-------+----------+-------------------------------------------
     0 | D:1      | porpoise the Demonspawn Enchanter began the quest for the
                  | Orb.
     0 | D:1      | Reached XP level 1. HP: 13/13 MP: 3/3
   169 | D:1      | Found a faded altar of an unknown god.
   356 | D:1      | Gained mutation: You are partially covered in slimy green
                  | scales. (AC +2) [demonic ancestry]
   356 | D:1      | Reached XP level 2. HP: 16/19 MP: 5/5
   514 | D:1      | Found Ohaz's Armour Boutique.
   842 | D:1      | Reached skill level 1 in Long Blades
  1100 | D:2      | Gained mutation: You are mostly covered in slimy green
                  | scales. (AC +3) [demonic ancestry]
  1100 | D:2      | Reached XP level 3. HP: 10/24 MP: 6/6
  1105 | D:2      | HP: 1/24 [gnoll/+0 club (4)]
  1106 | D:2      | Slain by a gnoll

Illustrated notes

Levels and vault maps discovered:
D:1:      dpeg_arrival_concentric_ovals, layout_basic,
          nicolae_ecumenical_snake_handling, serial_shops,
          nicolae_shop_scrapyard, hex_tiny, minivault_14, dk_noncrumbling_4,
          minmay_pentomino_x2
D:2:      layout_rooms, basic_altar

Skill      XL: |  1  2 |
---------------+-------+-----
Long Blades    | 1 |  1.1
Short Blades   | |  0.8
Dodging        | |  1.7
Stealth        | |  2.6
Spellcasting   | |  2.4
Hexes          | |  3.7

Action                     || total
---------------------------++-------
  Melee: Dagger            ||    68
         Punch             ||     1
    Use: Potion            ||     2
   Stab: Sleeping          ||     5
 Armour: Robe              ||    22
  Dodge: Dodged            ||    40

Table legend: (Time is in decaauts)
 A = Elapsed time spent in this place.
 B = Non-inter-level travel time spent in this place.
 C = Inter-level travel time spent in this place.
 D = Time resting spent in this place.
 E = Time spent auto-exploring this place.
 F = Levels seen in this place.
 G = Mean time per level.
                   A        B        C        D        E       F      G
               +--------+--------+--------+--------+--------+-----+--------+
         Total |   1102 |   1068 |     34 |    212 |    658 |   2 |  551.0 |
       Dungeon |   1102 |   1068 |     34 |    212 |    658 |   2 |  551.0 |
               +--------+--------+--------+--------+--------+-----+--------+

Top non-repeatable levels by time:
     D:1: 1079 daAuts
     D:2: 23 daAuts
